 Dungeon Crawl Stone Soup version 0.27-a0-1280-g9d2d252d84 (webtiles) character file.

Game seed: 6164230589662818558

304 Glokmah the Skirmisher (level 6, -1/58 (62) HPs)
             Began as an Ogre Gladiator on June 13, 2021.
             Slain by a wight (12 damage)
             ... on level 4 of the Dungeon.
             The game lasted 00:04:28 (4434 turns).

Glokmah the Skirmisher (Ogre Gladiator)             Turns: 4434, Time: 00:04:29

HP:   -1/58 (62)    AC:  3    Str: 19    XL:     6   Next: 38%
MP:   6/6           EV: 10    Int:  9    God:
Gold: 139           SH:  0    Dex: 12    Spells: 5/5 levels left

rFire    . . .     SeeInvis .   a - +4 flail
rCold    . . .     Faith    .   (no shield)
rNeg     + . .     Spirit   .   b - +0 robe
rPois    .         Reflect  .   c - +0 hat
rElec    .         Harm     .   (no cloak)
rCorr    .         Rampage  .   (gloves unavailable)
Will     +....                  (boots unavailable)
Stlth    +.........             y - amulet of the acrobat
HPRegen  0.19/turn              w - ring of positive energy
MPRegen  0.10/turn              o - ring of willpower

@: drained
A: large, unfitting armour, tough skin 1
a: no special abilities


You were on level 4 of the Dungeon.
You visited 1 branch of the dungeon, and saw 4 of its levels.

You collected 139 gold pieces.

Inventory:

Hand Weapons
 a - a +4 flail (weapon)
 z - a +0 flail
Missiles
 d - a throwing net (quivered)
 k - 74 stones
Armour
 b - a +0 robe (worn)
 c - a +0 hat (worn)
Magical Staves
 v - a staff of conjuration
Jewellery
 n - a ring of wizardry
 o - a ring of willpower (right hand)
 w - a ring of positive energy (left hand)
 y - an amulet of the acrobat (around neck)
Scrolls
 f - a scroll of acquirement {unknown}
 h - a scroll of enchant armour {unknown}
 i - a scroll of noise {unknown}
 l - a scroll of fog {unknown}
 p - a scroll of identify {unknown}
 q - 3 scrolls of immolation {unknown}
 r - a scroll of teleportation {unknown}
 u - a scroll of amnesia {unknown}
Potions
 e - a potion of magic {unknown}
 j - 2 potions of curing
 m - a potion of mutation {unknown}
 s - a potion of cancellation {unknown}
 t - a potion of haste {unknown}
 x - a potion of might {unknown}


   Skills:
 + Level 4.2 Fighting
 * Level 4.2 Maces & Flails
 * Level 4.0 Throwing
 + Level 3.5 Dodging


You had 5 spell levels left.
You didn't know any spells.
Your spell library was empty.

Dungeon Overview and Level Annotations

Branches:
Dungeon (4/15)
 Temple: D:4-7

Altars:


Innate Abilities, Weirdness & Mutations

You are too large for most types of armour.
You have tough skin. (AC +1)


Message History

The wight is heavily damaged.
Throw: boomerang
Press: ? - help, Q - select action, (/) - cycle Shift-Dir - straight line, f/p - wight
Aim: a wight, wielding a +2 long sword and wearing a +0 robe (heavily damaged, 60% to hit)
You throw a boomerang.
The boomerang hits the wight but does no damage.
The wight is heavily damaged.
Something unseen opens the door.
Throw: boomerang
Press: ? - help, Q - select action, (/) - cycle Shift-Dir - straight line, f/p - wight
Aim: a wight, wielding a +2 long sword and wearing a +0 robe (heavily damaged, 60% to hit)
You throw a boomerang. The boomerang hits the wight.
The wight is heavily damaged.
A wight comes into view. It is wielding a +0 scimitar.
You barely miss the wight.
The wight is heavily damaged.
The wight closely misses you.
The wight hits you with a +2 long sword!
You partially resist.
You feel drained.
You hit the wight.
The wight is heavily damaged.
The wight hits you with a +2 long sword!
You partially resist.
You feel drained. The wight closely misses you.
You barely miss the wight.
The wight is heavily damaged.
The wight hits you with a +2 long sword!
The wight hits you with a +0 scimitar! You partially resist.
You feel drained.
* * * LOW HITPOINT WARNING * * *
You sock the wight!
You destroy the wight!
Your Throwing skill increases to level 4!
You sock the wight!
The wight is severely damaged.
The wight hits you with a +0 scimitar!
* * * LOW HITPOINT WARNING * * *
You partially resist.
You feel drained.
* * * LOW HITPOINT WARNING * * *
It was a potion of curing.
You feel better. The wight hits you with a +0 scimitar!
You die...

#.........#
#.........#
+.....<...#
#....)....#
#.........#
#....##...##
####+##....#
##.#.#.#.#.#
#......z@..# .
##.##'##.###
.z #...#..#
.z# .'...+.##
. ...#...#.)#
....#.##'##.##
#.z.z......#
#.#.#.#.#.##
#......#...#


You could see a wight.

Vanquished Creatures
  A scorpion (D:3)
  3 wights
  A howler monkey (D:3)
  2 adders
  A worm (D:2)
  A dart slug (D:2)
  2 endoplasms (D:2)
  2 giant cockroaches
  5 goblins
  9 hobgoblins
  9 jackals
  2 quokkas (D:1)
  2 ball pythons
  4 bats
  3 frilled lizards (D:2)
  8 kobolds
  4 rats
59 creatures vanquished.

Notes
Turn   | Place    | Note
-------+----------+-------------------------------------------
     0 | D:1      | Glokmah the Ogre Gladiator began the quest for the Orb.
     0 | D:1      | Reached XP level 1. HP: 22/22 MP: 1/1
   222 | D:1      | Reached XP level 2. HP: 24/29 MP: 2/2
  1266 | D:2      | Found a faded altar of an unknown god.
  1279 | D:2      | Reached XP level 3. HP: 27/37 MP: 3/3
  2232 | D:2      | Reached XP level 4. HP: 38/45 MP: 4/4
  3141 | D:3      | Noticed a scorpion
  3155 | D:3      | Killed a scorpion
  3156 | D:3      | Reached XP level 5. HP: 21/54 MP: 5/5
  4416 | D:4      | Reached XP level 6. HP: 62/62 MP: 6/6
  4434 | D:4      | Slain by a wight

Illustrated notes

Levels and vault maps discovered:
D:1:      dpeg_arrival_rooms_c, layout_basic, hex_large
D:2:      kennysheep_six_static_rooms, layout_loops_ring,
          hellmonk_ecumenical_altar_run_dry
D:3:      layout_basic
D:4:      minmay_spotlight, layout_gridville, zin_treasury,
          minmay_misc_feat_doors, uniq_blork_the_orc

Skill      XL: |  1  2  3  4  5  6 |
---------------+-------------------+-----
Maces & Flails | 3 4 |  4.2
Fighting       | 3 4 |  4.2
Dodging        | 3 |  3.5
Throwing       | 3 4 |  4.0

Action                   |  1- 3 |  4- 6 || total
-------------------------+-------+-------++-------
Melee: Flail             |   102 |    61 ||   163
Throw: Stone             |    27 |    27 ||    54
       Boomerang         |     3 |     5 ||     8
       Throwing net      |       |     3 ||     3
  Use: Potion            |       |     1 ||     1
 Stab: Held in net/web   |       |     1 ||     1
Armor: Robe              |    23 |    16 ||    39
Dodge: Dodged            |    59 |    38 ||    97

Table legend: (Time is in decaauts)
 A = Elapsed time spent in this place.
 B = Non-inter-level travel time spent in this place.
 C = Inter-level travel time spent in this place.
 D = Time resting spent in this place.
 E = Time spent auto-exploring this place.
 F = Levels seen in this place.
 G = Mean time per level.
                   A        B        C        D        E       F      G
               +--------+--------+--------+--------+--------+-----+--------+
         Total |   4475 |   4106 |    369 |    509 |   3008 |   4 | 1118.8 |
       Dungeon |   4475 |   4106 |    369 |    509 |   3008 |   4 | 1118.8 |
               +--------+--------+--------+--------+--------+-----+--------+

Top non-repeatable levels by time:
     D:3: 1781 daAuts
     D:2: 1417 daAuts
     D:1: 1197 daAuts
     D:4: 78 daAuts
